 Dungeon Crawl Stone Soup version 0.19.1 (console) character file.

33885 nht the Severer (level 13, -2/127 HPs)
             Began as a Minotaur Chaos Knight on Nov 27, 2016.
             Slain by an anaconda (3 damage)
             ... on level 5 of the Lair of Beasts.
             The game lasted 00:18:13 (10158 turns).

nht the Severer (Minotaur Chaos Knight)            Turns: 10158, Time: 00:18:14

Health: -2/127     AC: 22    Str: 21    XL:     13   Next: 39%
Magic:  13/13      EV:  5    Int:  9    God:    Xom [..*...]
Gold:   927        SH:  4    Dex: 13    Spells: 0 memorised, 12 levels left

rFire  . . .     SeeInvis .     A - +2 war axe (elec)
rCold  + . .     Gourm    .     s - +0 plate armour
rNeg   . . .     Faith    +     (no shield)
rPois  .         Spirit   .     (helmet restricted)
rElec  .         Reflect  .     f - +2 cloak
rCorr  .         Harm     .     z - +0 pair of gloves {archery}
MR     .....                    b - +0 pair of boots (curse)
Stlth  ..........               y - amulet of faith
                                (no ring)
                                j - ring of wizardry

@: hasted, constricted, very quick
A: retaliatory headbutt, horns 2, large bone plates 1, agile 1, cold resistance
1, high mp 1, regeneration 1, screaming 1, wild magic 1, evolution 1
a: Renounce Religion


You were on level 5 of the Lair of Beasts.
You worshipped Xom.
You were a toy of Xom.
You were not hungry.

You visited 2 branches of the dungeon, and saw 15 of its levels.

You collected 927 gold pieces.

Inventory:

Hand Weapons
 a - a +0 hand axe of chaos
 A - a +2 war axe of electrocution (weapon)
 K - a +0 longbow
Missiles
 M - 70 arrows
Armour
 b - a cursed +0 pair of boots (worn)
 f - a +2 cloak (worn)
 s - a +0 plate armour (worn)
 z - a +0 pair of gloves of archery (worn)
Jewellery
 d - an uncursed amulet of harm
 j - a ring of wizardry (left hand)
 t - the ring of the Iron Devil {Ice -Tele rN+++ Int+5 SInv}
   (You found it on level 6 of the Dungeon)

   [ring of ice]

   It enhances your ice magic.
   It affects your intelligence (+5).
   It makes you vulnerable to fire.
   It protects you from cold.
   It renders you almost immune to negative energy.
   It lets you see invisible.
   It prevents most forms of teleportation.
 y - an amulet of faith (around neck)
 G - a +5 ring of evasion {unknown}
Wands
 o - a wand of slowing (19/48)
 B - a wand of lightning (0/15)
 C - a wand of confusion (11/48)
 H - a wand of iceblast (0/15)
 L - a wand of enslavement (13/24)
Scrolls
 h - 7 scrolls of identify
 i - 3 scrolls of magic mapping
 m - 3 scrolls of immolation
 n - a scroll of enchant armour
 r - 8 scrolls of remove curse
 E - 2 scrolls of teleportation
Potions
 e - 3 potions of mutation
 k - a potion of ambrosia
 l - a potion of heal wounds
 q - 4 potions of curing
 w - 2 potions of haste
 D - a potion of lignification
Miscellaneous
 F - a sack of spiders
 J - a lamp of fire (inert)
Comestibles
 c - 9 bread rations
 g - 5 beef jerkies
 p - 12 fruits
 v - 9 slices of pizza
 x - 10 meat rations


   Skills:
 - Level 15.4 Fighting
 - Level 16.5 Axes
 + Level 4.9 Bows
 - Level 12.2 Armour
 - Level 3.7 Dodging


You had 12 spell levels left.
You didn't know any spells.

Dungeon Overview and Level Annotations

Branches:
Dungeon (10/15)            Temple (0/1) D:5            Lair (5/6) D:10
 Shoals (0/4) Lair:4        Snake (0/4) Lair:4
  Slime: Lair:5-6       Orc: D:9-12

Altars:
Ashenzari
Elyvilon
Fedhas
Gozag
Hepliaklqana
Makhleb
Okawaru
Sif Muna
Trog
Vehumet
Xom
Zin
The Shining One


Innate Abilities, Weirdness & Mutations

You reflexively headbutt those who attack you in melee.
You have a pair of horns on your head.
You are partially covered in large bone plates. (SH +4)
You are agile. (Dex +2)
Your flesh is cold resistant. (rC+)
You have an increased reservoir of magic. (+10% MP)
Your natural rate of healing is unusually fast.
You occasionally shout uncontrollably at your foes.
Your spells are a little harder to cast, but a little more powerful.
You evolve.


Message History

The black mamba bites you but does no damage.
The anaconda bites you.
* * * LOW HITPOINT WARNING * * *
The anaconda bites you.
* * * LOW HITPOINT WARNING * * *
x2 The anaconda constricts you.
The black mamba bites you but does no damage.
Unknown command.
Okay, then.
Okay, then.
You feel yourself speed up. The anaconda bites you!
* * * LOW HITPOINT WARNING * * *
You block the anaconda's attack.
* * * LOW HITPOINT WARNING * * *
The anaconda constricts you.
The black mamba bites you but does no damage.
You block the anaconda's attack.
The anaconda bites you but does no damage.
You die...
Xom guffaws!

. ................██. ...
........<......P.. ....
........>........ ...
███............█.
███.█████████........██.
██...........██..........
█P......██....██.........
...██..§§█....█..........
████@███..██.........
█..$SSS.█..÷..........
█?....█.█████.........
████$█.... █........█ ██
. ..████.....P██
..███.........██
██████.█........█
...............█.
...............█.


You could see 2 anacondas and a black mamba.

Vanquished Creatures
  Harold (Lair:2)
  2 hydras (Lair:5)
  Erolcha (D:9)
  A catoblepas (Lair:2)
  Sonja (Lair:2)
  The ghost of feelmyfire the Thaumaturge, a novice DECj of Vehumet (D:10)
  An unseen horror (D:10)
  A hill giant (D:10)
  The ghost of nht the Cleaver, a novice MiCK of Xom (D:7)
  The ghost of nht the Cleaver, a novice MiCK of Xom (D:6)
  A cyclops (D:10)
  A black mamba (Lair:2)
  A centaur zombie (D:10)
  5 elephants (Lair:4)
  4 spiny frogs
  5 komodo dragons
  A troll (D:10)
  9 blink frogs (Lair:4)
  6 hippogriffs
  18 yaks
  2 basilisks
  A human (D:7)
  4 hogs (D:7)
  A hungry ghost (D:10)
  A wyvern (Lair:5)
  2 nagas (Lair:4)
  12 water moccasins
  12 porcupines
  5 sky beasts
  An orc warrior (D:10)
  An ice beast (D:9)
  2 centaurs
  2 ogres
  4 wolves (Lair:5)
  2 crocodiles (Lair:1)
  3 big kobolds
  10 bullfrogs
  A water moccasin zombie (D:8)
  6 scorpions
  4 killer bees (D:7)
  4 wights (D:7)
  2 howler monkeys (D:7)
  4 crimson imps
  2 jellies
  5 orc wizards
  10 orc priests
  5 hounds
  2 centaur skeletons
  5 iguanas
  12 worker ants
  A worker ant (shapeshifter) (D:4)
  A killer bee zombie (D:10)
  A hound zombie (D:7)
  2 worker ant zombies
  7 gnolls
  4 adders
  4 shadow imps
  3 oozes
  3 worms
  A dart slug (D:5)
  6 leopard geckos
  25 orcs
  7 bats
  3 giant cockroaches
  14 goblins
  2 hobgoblins (D:2)
  6 quokkas
  A ball python (D:4)
  6 frilled lizards
  8 kobolds
  2 quokka skeletons
  5 rats
  3 fungi
304 creatures vanquished.

Vanquished Creatures (collateral kills)
  An orc (D:9)
1 creature vanquished.

Vanquished Creatures (others)
  5 plants
5 creatures vanquished.

Grand Total: 310 creatures vanquished

Notes
Turn   | Place    | Note
-------+----------+-------------------------------------------
     0 | D:1      | nht the Minotaur Chaos Knight began the quest for the Orb.
     0 | D:1      | Reached XP level 1. HP: 19/19 MP: 0/0
    35 | D:1      | Reached skill level 4 in Axes
   167 | D:1      | Reached XP level 2. HP: 16/26 MP: 1/1
   659 | D:1      | XOM: harmless Chrm miscast
   685 | D:1      | XOM: enchant monster (bad)
   759 | D:2      | Reached skill level 5 in Axes
   880 | D:2      | Reached XP level 3. HP: 31/31 MP: 2/2
  1466 | D:3      | XOM: mild Air miscast
  1623 | D:3      | XOM: give mutations
  1623 | D:3      | Gained mutation: Scrolls take you a little longer to read. [Xom's mischief]
  1623 | D:3      | Gained mutation: You are weak. (Str -2) [Xom's mischief]
  1623 | D:3      | Gained mutation: You are very weak. (Str -4) [Xom's mischief]
  1623 | D:3      | Gained mutation: Scrolls take you longer to read. [Xom's mischief]
  1690 | D:3      | XOM: harmless Divn miscast
  1812 | D:3      | XOM: give mutations
  1812 | D:3      | Gained mutation: You occasionally shout uncontrollably at your foes. [Xom's mischief]
  1812 | D:3      | Lost mutation: You occasionally shout uncontrollably at your foes. [Xom's mischief]
  1812 | D:3      | Gained mutation: Your body sometimes deteriorates upon taking damage. [Xom's mischief]
  1971 | D:4      | Reached skill level 6 in Axes
  1971 | D:4      | Reached XP level 4. HP: 13/39 MP: 3/3
  1976 | D:4      | XOM: polymorph adder -> worker ant
  1992 | D:4      | XOM: noise
  2004 | D:4      | Lost mutation: Scrolls take you longer to read. [potion of cure mutation]
  2004 | D:4      | Lost mutation: Scrolls take you a little longer to read. [potion of cure mutation]
  2004 | D:4      | Lost mutation: Your body sometimes deteriorates upon taking damage. [potion of cure mutation]
  2004 | D:4      | Lost mutation: You are very weak. (Str -4) [potion of cure mutation]
  2004 | D:4      | Lost mutation: You are weak. (Str -2) [potion of cure mutation]
  2011 | D:4      | Reached skill level 7 in Axes
  2011 | D:4      | Reached XP level 5. HP: 20/45 MP: 4/4
  2369 | D:4      | Found a glowing silver altar of Zin.
  2369 | D:4      | Found a white marble altar of Elyvilon.
  2369 | D:4      | Found a glowing golden altar of the Shining One.
  2479 | D:4      | XOM: medium Hex miscast
  2540 | D:4      | XOM: polymorph gnoll -> scorpion
  2543 | D:4      | Reached skill level 8 in Axes
  2543 | D:4      | Reached XP level 6. HP: 32/51 MP: 5/5
  2552 | D:4      | Gained mutation: You are agile. (Dex +2) [potion of mutation]
  2552 | D:4      | Gained mutation: Your natural rate of healing is unusually fast. [potion of mutation]
  2552 | D:4      | Gained mutation: Your flesh is cold resistant. (rC+) [potion of mutation]
  2757 | D:4      | XOM: give mutation
  2757 | D:4      | Gained mutation: You occasionally shout uncontrollably at your foes. [Xom's mischief]
  2811 | D:4      | XOM: severe Erth miscast
  2840 | D:4      | XOM: harmless Erth miscast
  2856 | D:4      | XOM: cast spell 'Excruciating Wounds'
  2861 | D:4      | XOM: swap monsters
  3019 | D:5      | Entered Level 5 of the Dungeon
  3034 | D:5      | Found a shimmering altar of Xom.
  3037 | D:5      | XOM: 2-stop teleportation journey
  3043 | D:5      | Reached skill level 9 in Axes
  3060 | D:5      | XOM: harmless Ice miscast
  3093 | D:5      | XOM: mild Ice miscast
  3115 | D:5      | Reached XP level 7. HP: 34/57 MP: 6/6
  3139 | D:5      | Found a burning altar of Makhleb.
  3143 | D:5      | Found a deep blue altar of Sif Muna.
  3144 | D:5      | Found a blossoming altar of Fedhas.
  3148 | D:5      | Found a shimmering altar of Xom.
  3185 | D:5      | Found a hazy altar of Hepliaklqana.
  3193 | D:5      | XOM: noise
  3196 | D:5      | Reached skill level 10 in Axes
  3211 | D:5      | Found a staircase to the Ecumenical Temple.
  3448 | D:6      | Found a white marble altar of Elyvilon.
  3488 | D:6      | XOM: confuse monster(s)
  3565 | D:6      | Reached skill level 11 in Axes
  3749 | D:6      | Got a scintillating steel ring
  3783 | D:6      | Identified the ring of the Iron Devil {Ice -Tele rN+++ Int+5 SInv} (You found it on level 6 of the Dungeon)
  3806 | D:6      | Noticed nht's ghost (novice MiCK)
  3810 | D:6      | Reached XP level 8. HP: 54/64 MP: 7/7
  3819 | D:6      | XOM: butterfly on damage
  3823 | D:6      | Killed nht's ghost
  3823 | D:6      | Reached skill level 12 in Axes
  4148 | D:7      | Reached skill level 13 in Axes
  4235 | D:7      | Reached skill level 14 in Axes
  4235 | D:7      | Reached XP level 9. HP: 26/70 MP: 8/8
  4365 | D:7      | Noticed nht's ghost (novice MiCK)
  4372 | D:7      | Killed nht's ghost
  4372 | D:7      | Reached skill level 15 in Axes
  4757 | D:7      | Reached skill level 16 in Axes
  5040 | D:8      | Found a radiant altar of Vehumet.
  5273 | D:8      | XOM: god gift: 35 gold pieces
  5302 | D:8      | Reached XP level 10. HP: 77/77 MP: 9/9
  5494 | D:8      | XOM: mild Tmut miscast
  5617 | D:8      | XOM: give mutations
  5617 | D:8      | Gained mutation: You evolve. [Xom's grace]
  5617 | D:8      | Gained mutation: You are partially covered in large bone plates. (SH +4) [Xom's grace]
  5617 | D:8      | Gained mutation: You have an increased reservoir of magic. (+10% MP) [Xom's grace]
  5711 | D:9      | Noticed Erolcha
  5715 | D:9      | XOM: summons friendly iron imp
  5718 | D:9      | Killed Erolcha
  5718 | D:9      | Reached skill level 5 in Fighting
  5741 | D:9      | Gained mutation: Your spells are a little harder to cast, but a little more powerful. [evolution]
  5783 | D:9      | XOM: destruction
  5799 | D:9      | Reached skill level 5 in Armour
  5837 | D:9      | Found a shattered altar of Ashenzari.
  5840 | D:9      | XOM: polymorph iron imp -> quasit
  6052 | D:9      | Found an iron altar of Okawaru.
  6075 | D:9      | Found an opulent altar of Gozag.
  6075 | D:9      | Found a bloodstained altar of Trog.
  6096 | D:9      | XOM: cloud trail
  6256 | D:9      | XOM: harmless Tmut miscast
  6333 | D:9      | XOM: harmless Hex miscast
  6358 | D:10     | Entered Level 10 of the Dungeon
  6434 | D:10     | Found a hazy altar of Hepliaklqana.
  6484 | D:10     | Noticed a hill giant
  6484 | D:10     | XOM: confuse monster(s)
  6498 | D:10     | Killed a hill giant
  6505 | D:10     | XOM: divination: magic mapping
  6508 | D:10     | XOM: harmless Conj miscast
  6509 | D:10     | Noticed a cyclops
  6510 | D:10     | Killed an unseen horror
  6529 | D:10     | Killed a cyclops
  6529 | D:10     | Reached XP level 11. HP: 42/94 MP: 11/11
  6752 | D:10     | Noticed feelmyfire's ghost (novice DECj)
  6757 | D:10     | XOM: potion effect (brilliance)
  6762 | D:10     | XOM: harmless Air miscast
  6764 | D:10     | Killed feelmyfire's ghost
  6851 | D:10     | XOM: harmless Tloc miscast
  7008 | D:10     | Found a staircase to the Lair.
  7158 | D:10     | XOM: cloud trail
  7171 | D:10     | XOM: potion effect (experience)
  7171 | D:10     | Reached XP level 12. HP: 115/115 MP: 12/12
  7207 | Lair:1   | Entered Level 1 of the Lair of Beasts
  7278 | Lair:1   | Found an opulent altar of Gozag.
  7567 | Lair:1   | XOM: silly message
  7721 | Lair:2   | XOM: confuse monster(s)
  7728 | Lair:2   | Reached skill level 10 in Armour
  7763 | Lair:2   | Noticed Sonja
  7764 | Lair:2   | Noticed a catoblepas
  7766 | Lair:2   | Noticed Harold
  7785 | Lair:2   | XOM: cast spell 'Summon Ice Beast'
  7786 | Lair:2   | XOM: harmless Pois miscast
  7790 | Lair:2   | XOM: confuse monster(s)
  7800 | Lair:2   | XOM: confuse monster(s)
  7807 | Lair:2   | Killed Harold
  7809 | Lair:2   | XOM: harmless Pois miscast
  7859 | Lair:2   | XOM: potion effect (invisibility)
  7888 | Lair:2   | XOM: harmless Hex miscast
  7922 | Lair:2   | Killed Sonja
  7932 | Lair:2   | XOM: mild Necr miscast
  7940 | Lair:2   | Killed a catoblepas
  7946 | Lair:2   | XOM: potion effect (invisibility)
  7950 | Lair:2   | XOM: noise
  8019 | Lair:2   | XOM: harmless Divn miscast
  8315 | Lair:2   | XOM: silly message
  8325 | Lair:2   | XOM: divination: detect items
  8618 | Lair:3   | Noticed a seven-headed hydra
  8621 | Lair:3   | XOM: potion effect (agility)
  8671 | Lair:2   | XOM: polymorph komodo dragon -> black mamba
  8750 | Lair:3   | Noticed a seven-headed hydra
  8755 | Lair:3   | XOM: scenery: create altars
  8756 | Lair:3   | XOM: enchant monster (good)
  8772 | Lair:3   | XOM: mild Air miscast
  8775 | Lair:4   | Found a staircase to the Snake Pit.
  8848 | Lair:4   | XOM: divination: detect creatures
  8855 | Lair:4   | Reached skill level 15 in Fighting
  8968 | Lair:4   | Reached XP level 13. HP: 101/126 MP: 13/13
  8968 | Lair:4   | XOM: confuse monster(s)
  9092 | Lair:4   | XOM: divination: magic mapping
  9193 | Lair:4   | Found a staircase to the Shoals.
  9213 | Lair:4   | XOM: cast spell 'Summon Butterflies'
  9261 | Lair:4   | XOM: cloud trail
  9270 | Lair:4   | XOM: mild Ice miscast
  9588 | Lair:4   | Reached skill level 1 in Bows
  9875 | Lair:5   | XOM: potion effect (invisibility)
  9977 | Lair:5   | XOM: cloud trail
 10154 | Lair:5   | XOM: smoke on damage
 10156 | Lair:5   | HP: 6/127 [anaconda (3)]
 10156 | Lair:5   | HP: 1/127 [black mamba (5)]
 10158 | Lair:5   | Slain by an anaconda

Skill      XL: |  1  2  3  4  5  6  7  8  9 10 11 12 13 |
---------------+----------------------------------------+-----
Axes           | 4 5 6 7 8 9 11 14 16 | 16.5
Fighting       | 8 13 15 | 15.4
Armour         | 7 9 11 12 | 12.2
Dodging        | 3 |  3.7
Bows           | 4 |  4.9

Action                   |  1- 3 |  4- 6 |  7- 9 | 10-12 | 13-15 || total
-------------------------+-------+-------+-------+-------+-------++-------
Melee: Hand axe          |   110 |    94 |    44 |       |     1 ||   249
       Headbutt          |     8 |    13 |    44 |    66 |    20 ||   151
       War axe           |       |       |   174 |   332 |   115 ||   621
 Fire: Longbow           |       |       |       |       |     8 ||     8
Evoke: Wand              |       |       |       |    13 |       ||    13
       Lamp of fire      |       |       |       |       |     1 ||     1
  Use: Potion            |       |    10 |     1 |     5 |     5 ||    21
       Scroll            |       |     8 |     4 |    10 |       ||    22
 Stab: Confused          |       |     1 |     2 |     3 |       ||     6
       Petrifying        |       |     1 |       |     2 |       ||     3
       Distracted        |       |       |       |     1 |       ||     1
       Invisible         |       |       |       |     5 |     2 ||     7
       Petrified         |       |       |       |     1 |       ||     1
  Eat: Chunk             |     3 |     4 |     7 |    13 |     5 ||    32
       Fruit             |       |       |       |     1 |       ||     1
Armor: Leather armour    |    65 |    33 |    47 |     4 |       ||   149
       Plate armour      |       |       |       |   153 |    90 ||   243
       Skin              |       |       |       |       |     7 ||     7
Dodge: Dodged            |    58 |    49 |    83 |    69 |    66 ||   325
Block: Other             |       |       |       |    35 |    20 ||    55
